 Dungeon Crawl Stone Soup version 0.24-a0-715-g0b739ee41d (webtiles) character file.

Game seed: 9230149051784996128, levelgen mode: deterministic

8608 Analysis the Markscentaur (level 11, -1/97 HPs)
             Began as a Centaur Hunter on Sept 30, 2019.
             Was a High Priest of Okawaru.
             Killed from afar by a gargoyle (20 damage)
             ... with a stone arrow
             ... on level 11 of the Dungeon.
             The game lasted 01:21:27 (14442 turns).

Analysis the Markscentaur (Centaur Hunter)         Turns: 14442, Time: 01:21:28

Health: -1/97      AC: 11    Str: 18    XL:     11   Next: 12%
Magic:  13/13      EV:  9    Int: 10    God:    Okawaru [*****.]
Gold:   798        SH:  0    Dex: 13    Spells: 10/10 levels left

rFire    + . .     SeeInvis .   a - +2 shortbow
rCold    + . .     Gourm    .   (shield currently unavailable)
rNeg     + . .     Faith    .   A - +4 scale mail "Ytosch" {rN+ Dex+3}
rPois    +         Spirit   .   (no helmet)
rElec    .         Reflect  .   D - scarf {rC+ rF+}
rCorr    .         Harm     .   (no gloves)
MR       +....                  (no barding)
Stlth    ..........             (no amulet)
HPRegen  0.26/turn              g - ring of poison resistance
MPRegen  0.13/turn              E - ring of protection from magic

@: very quick
A: large, hooves 3, deformed body, speed 2, tough skin 3
a: Heroism, Finesse, Renounce Religion


You were on level 11 of the Dungeon.
You worshipped Okawaru.
Okawaru was extremely pleased with you.
You were not hungry.

You visited 1 branch of the dungeon, and saw 11 of its levels.
You also visited: Bailey.

You collected 948 gold pieces.
You spent 150 gold pieces at shops.

Inventory:

Hand Weapons
 a - a +2 shortbow (weapon)
 u - a +3 rapier of electrocution
Missiles
 d - 46 arrows (quivered)
 q - 3 throwing nets
Armour
 A - the +4 scale mail "Ytosch" (worn) {rN+ Dex+3}
   (You found it on level 4 of the Dungeon)

   It affects your dexterity (+3).
   It protects you from negative energy.
 D - a scarf of resistance (worn)
 L - a +2 plate armour of poison resistance
Jewellery
 g - a ring of poison resistance (left hand)
 n - an uncursed amulet of guardian spirit {unknown}
 E - a ring of protection from magic (right hand)
 J - an uncursed amulet of the gourmand {unknown}
Wands
 m - a wand of random effects (4)
 y - a wand of paralysis (2)
 M - a wand of flame (15)
 N - a wand of scattershot (3)
Scrolls
 c - 2 scrolls of remove curse
 e - a scroll of blinking {unknown}
 h - 3 scrolls of magic mapping
 i - 3 scrolls of fear
 k - a scroll of summoning {unknown}
 t - a scroll of random uselessness {unknown}
 v - a scroll of fog {unknown}
 x - a scroll of enchant weapon
 B - 4 scrolls of teleportation
 C - 3 scrolls of enchant armour
Potions
 b - 2 potions of flight
 j - 2 potions of curing
 l - 3 potions of might
 o - 2 potions of magic
 p - 2 potions of haste
 r - a potion of mutation {unknown}
 s - 2 potions of agility
 w - a potion of heal wounds
 z - 3 potions of invisibility
 F - a potion of lignification {unknown}
 G - a potion of brilliance {unknown}
 H - a potion of cancellation {unknown}
 K - a potion of degeneration {unknown}
Comestibles
 f - 25 rations
 I - 10 chunks of flesh


   Skills:
 + Level 9.3 Fighting
 + Level 15.7 Bows
 - Level 4.2 Armour
 - Level 4.0 Dodging
 - Level 0.4 Stealth
 + Level 3.6 Invocations


You had 10 spell levels left.
You didn't know any spells.
Your spell library contained the following spells:

 Spells                   Type           Power        Failure   Level  Hunger
 Sting                    Conj/Pois      #...         75%         1    ##.....
 Summon Small Mammal      Summ           #...         75%         1    ##.....
 Call Imp                 Summ           #.......     86%         2    ###....
 Poisonous Vapours        Pois/Air       #.....       86%         2    ###....
 Call Canine Familiar     Summ           #.......     98%         3    ####...
 Mephitic Cloud           Conj/Pois/Air  #.......     98%         3    ####...
 Summon Guardian Golem    Hex/Summ       #.......     98%         3    ####...
 Cause Fear               Hex            #.........   100%        4    #####..
 Olgreb's Toxic Radiance  Pois           #.......     100%        4    #####..
 Summon Ice Beast         Ice/Summ       #.......     100%        4    #####..
 Summon Lightning Spire   Summ/Air       #.......     100%        4    #####..
 Silence                  Hex/Air        #.........   100%        5    ######.
 Venom Bolt               Conj/Pois      #.........   100%        5    ######.
 Yara's Violent Unravell  Hex/Tmut       #.........   100%        5    ######.
 Deflect Missiles         Chrm/Air       #.........   100%        6    #######
 Discord                  Hex            #.........   100%        8    #######


Dungeon Overview and Level Annotations

Branches:
Dungeon (11/15)            Temple (0/1) D:6            Lair (0/6) D:9
 Bailey (visited)
    Orc: D:9-12

Altars:
Ashenzari
Cheibriados
Okawaru
Vehumet
Wu Jian
Yredelemnul
The Shining One

Shops:
D:7 ?

Annotations:
D:5 1 runed translucent door, seIthillrisiriel's ghost, novice MiFi
D:6 Grinder
D:8 3 runed translucent doors, hydraslayer's ghost, novice DrCj
D:9 3 runed translucent doors, hitsuchi's ghost, novice OpCK
D:10 1 runed translucent door, Goblin1989's ghost, novice DDFi


Innate Abilities, Weirdness & Mutations

You have hooves in place of feet.
Armour fits poorly on your strangely shaped body.
You cover ground very quickly.
You have extremely tough skin. (AC +3)


Message History

Firing (i - inventory. (/) - cycle)
d - 48 arrows (quivered)
Press: ? - help, Shift-Dir - straight line, f/p - gargoyle
Aim: a gargoyle, wielding a +0 mace (almost destroyed)
You shoot an arrow.
The arrow hits the gargoyle but does no damage.
The gargoyle is almost destroyed.
Firing (i - inventory. (/) - cycle)
d - 47 arrows (quivered)
Press: ? - help, Shift-Dir - straight line, f/p - gargoyle
Aim: a gargoyle, wielding a +0 mace (almost destroyed)
You shoot an arrow. The arrow barely misses the gargoyle.
The gargoyle hurls a stone arrow at you.
The stone arrow hits you!
* * * LOW HITPOINT WARNING * * *
You feel much better. The gargoyle hits you with a +0 mace.
The gargoyle hurls a stone arrow at you.
The stone arrow hits you!!
* * * LOW HITPOINT WARNING * * *
The gargoyle hurls a stone arrow at you.
The stone arrow hits you!!
You die...

#....>.### ####.### #
######..## .
#........##### ### .
#............###.. .#####
#........###......
.(.(.## #........# ####..
.###..##########........#
#.. .
##.(((.((9...@......>#
#.. .
############........# #..
. ########## #.. # ###


You could see a gargoyle.

Vanquished Creatures
  2 two-headed ogres
  Nergalle (D:10)
  An orc knight (Bailey)
  2 hippogriffs
  A wyvern (D:10)
  12 yaks
  Sigmund (D:3)
  A hungry ghost (D:10)
  Grum (D:9)
  Duvessa (D:6)
  An ice beast (D:10)
  5 orc warriors
  A sky beast (D:9)
  5 phantoms
  3 ogres
  2 centaurs
  2 wolves
  A crocodile (D:11)
  2 bullfrogs
  A gnoll sergeant (D:9)
  Dowan (D:5)
  3 wights (D:9)
  9 howler monkeys
  2 crimson imps
  5 hounds
  An orc priest (D:9)
  3 orc wizards
  A bullfrog skeleton (D:9)
  Terence (D:2)
  7 iguanas
  Natasha (thrice) (D:3)
  4 worker ants
  2 hound skeletons
  2 howler monkey skeletons
  6 adders
  12 gnolls
  A shadow imp (D:11)
  An ooze (D:3)
  A worm (D:2)
  8 leopard geckos
  34 orcs
  A ball python (D:1)
  10 bats
  A giant cockroach (D:2)
  8 hobgoblins
  10 jackals
  3 quokkas
  2 frilled lizards
  16 goblins
  A jackal skeleton (D:7)
  20 kobolds
  A leopard gecko skeleton (D:5)
  A quokka skeleton (D:10)
  A quokka zombie (D:10)
  5 rats
233 creatures vanquished.

Notes
Turn   | Place    | Note
-------+----------+-------------------------------------------
     0 | D:1      | Analysis the Centaur Hunter began the quest for the Orb.
     0 | D:1      | Reached XP level 1. HP: 17/17 MP: 1/1
   433 | D:1      | Reached XP level 2. HP: 23/24 MP: 2/2
   496 | D:1      | Found a snail-covered altar of Cheibriados.
  1001 | D:2      | Reached XP level 3. HP: 29/29 MP: 3/3
  1268 | D:2      | Reached skill level 6 in Bows
  1546 | D:2      | Reached XP level 4. HP: 37/37 MP: 4/4
  1584 | D:2      | Reached skill level 1 in Armour
  1619 | D:2      | Noticed Terence
  1720 | D:2      | Killed Terence
  2202 | D:3      | Noticed Natasha
  2300 | D:3      | Killed Natasha
  2351 | D:3      | Noticed Natasha
  2357 | D:3      | Killed Natasha
  2357 | D:3      | Reached XP level 5. HP: 26/42 MP: 5/5
  2772 | D:3      | Noticed Natasha
  2783 | D:3      | Killed Natasha
  2976 | D:3      | Noticed Sigmund
  3004 | D:3      | Killed Sigmund
  3004 | D:3      | Reached skill level 7 in Bows
  3004 | D:3      | Reached XP level 6. HP: 39/51 MP: 6/6
  3551 | D:4      | Got a faintly glowing scale mail
  3562 | D:4      | Identified the +4 scale mail "Ytosch" {rN+ Dex+3} (You
                  | found it on level 4 of the Dungeon)
  3863 | D:4      | Reached XP level 7. HP: 57/57 MP: 7/7
  3997 | D:5      | Entered Level 5 of the Dungeon
  4071 | D:5      | Got a brightly glowing hand crossbow
  4139 | D:4      | Identified the +4 hand crossbow of Ywetatuf {elec, Str+4
                  | Dex+2} (You found it on level 5 of the Dungeon)
  4313 | D:4      | Reached skill level 8 in Bows
  4488 | D:5      | Found a runed translucent door.
  4491 | D:5      | Noticed seIthillrisiriel's ghost (novice MiFi)
  4646 | D:5      | Noticed a troll
  5595 | D:6      | Found a radiant altar of Vehumet.
  5676 | D:6      | Noticed Duvessa
  5676 | D:6      | Noticed Dowan
  6055 | D:6      | Killed Duvessa
  6055 | D:6      | Reached skill level 9 in Bows
  6055 | D:6      | Reached XP level 8. HP: 49/66 MP: 8/8
  6086 | D:5      | Killed Dowan
  6439 | D:6      | Found a staircase to the Ecumenical Temple.
  6439 | D:6      | Noticed Grinder
  6586 | D:7      | Found a shattered altar of Ashenzari.
  6586 | D:7      | Found a glowing golden altar of the Shining One.
  6597 | D:7      | Found an iron altar of Okawaru.
  6600 | D:7      | Found an ornate altar of the Wu Jian Council.
  6601 | D:7      | Found a basalt altar of Yredelemnul.
  6613 | D:7      | Became a worshipper of Warmaster Okawaru
  6878 | D:7      | Found Yjoxah's Magic Scroll Shop.
  6883 | D:7      | Bought a scroll of identify for 30 gold pieces
  6883 | D:7      | Bought a scroll of teleportation for 45 gold pieces
  6887 | D:7      | Bought a scroll of identify for 30 gold pieces
  7129 | D:8      | Reached skill level 10 in Bows
  7143 | D:8      | Reached skill level 5 in Fighting
  7868 | D:8      | Noticed a hippogriff
  7896 | D:8      | Killed a hippogriff
  8477 | D:8      | Found a runed translucent gate.
  8478 | D:8      | Found a runed translucent gate.
  8479 | D:8      | Found a runed translucent gate.
  8481 | D:8      | Noticed hydraslayer's ghost (novice DrCj)
  8578 | D:8      | Reached * piety under Okawaru
  8578 | D:8      | Reached skill level 11 in Bows
  8578 | D:8      | Reached XP level 9. HP: 74/74 MP: 9/9
  8617 | D:7      | Bought a scroll of remove curse for 45 gold pieces
  9291 | D:9      | Found a flagged portal.
  9300 | Bailey   | Entered a bailey
  9347 | Bailey   | Noticed an orc knight
  9532 | Bailey   | Killed an orc knight
  9532 | Bailey   | Reached ** piety under Okawaru
  9626 | Bailey   | Reached skill level 12 in Bows
  9808 | Bailey   | Found a burning altar of Makhleb.
 10538 | D:9      | Found a staircase to the Lair.
 10758 | D:9      | Noticed Grum
 10780 | D:8      | Reached skill level 13 in Bows
 11347 | D:8      | Reached XP level 10. HP: 86/86 MP: 10/10
 11690 | D:9      | Found a runed translucent gate.
 11690 | D:9      | Found a runed translucent gate.
 11690 | D:9      | Found a runed translucent gate.
 11690 | D:9      | Noticed hitsuchi's ghost (novice OpCK)
 11792 | D:9      | Noticed a two-headed ogre
 12222 | D:9      | Killed Grum
 12404 | D:9      | Reached *** piety under Okawaru
 12576 | D:9      | Killed a two-headed ogre
 12576 | D:9      | Reached skill level 14 in Bows
 12758 | D:10     | Entered Level 10 of the Dungeon
 12808 | D:9      | Reached **** piety under Okawaru
 12907 | D:10     | Found a runed translucent door.
 12911 | D:10     | Noticed Goblin1989's ghost (novice DDFi)
 13004 | D:10     | Received a gift from Okawaru
 13048 | D:10     | Noticed a two-headed ogre
 13079 | D:10     | Killed a two-headed ogre
 13079 | D:10     | Reached skill level 15 in Bows
 13233 | D:10     | Reached skill level 1 in Invocations
 13516 | D:10     | Noticed Nergalle
 13550 | D:10     | Killed Nergalle
 13721 | D:10     | Reached XP level 11. HP: 84/97 MP: 13/13
 14176 | D:11     | Reached ***** piety under Okawaru
 14442 | D:11     | Killed from afar by a gargoyle

Levels and vault maps discovered:
D:1:      matt_arrival_refuge, layout_basic, hangedman_decor_growths,
          cheibriados_altar_1
D:2:      layout_basic, first_ration, uniq_terence
D:3:      layout_rooms, uniq_natasha, uniq_sigmund
D:4:      layout_rooms, minmay_misc_feat_roman
D:5:      layout_basic, ebering_ghost_sewer_d
D:6:      layout_basic, vehumet_crystals, temple_statues,
          makhleb_heckhound_becter, uniq_duvessa, uniq_grinder,
          uniq_blork_the_orc
D:7:      layout_gridville, chequers_temple_overflow_minitemple, serial_shops,
          nicolae_shop_trees
D:8:      layout_rooms, gammafunk_ghost_spectres, grunt_ogre_cave,
          lightli_orcish_oven
D:9:      layout_grid_maze, dpeg_oklobed_lair, lightli_bailey_entry_fortress,
          gammafunk_ghost_spectres, uniq_grum
D:10:     layout_long_grid, ebering_ghost_reflecting_pool, uniq_nergalle
D:11:     layout_roguey, kennysheep_kite_vault, uniq_harold

Skill      XL: |  1  2  3  4  5  6  7  8  9 10 |
---------------+-------------------------------+-----
Dodging        | 2 3 4 |  4.0
Bows           | 6 7 9 11 13 15 | 15.7
Armour         | 1 2 3 4 |  4.2
Fighting       | 3 4 5 7 9 |  9.3
Invocations    | 3 |  3.6
Stealth        | |  0.4

Action                   |  1- 3 |  4- 6 |  7- 9 | 10-12 || total
-------------------------+-------+-------+-------+-------++-------
Melee: Short sword       |    90 |    78 |   192 |       ||   360
       Kick              |    12 |    12 |    65 |     5 ||    94
       Rapier            |       |       |    62 |    27 ||    89
 Fire: Shortbow          |       |    75 |   343 |   331 ||   749
Throw: Throwing net      |       |       |     4 |       ||     4
Evoke: Wand              |       |       |    15 |       ||    15
  Use: Scroll            |       |     1 |    14 |       ||    15
       Potion            |       |       |     2 |     1 ||     3
  Eat: Chunk             |     1 |     4 |    14 |     8 ||    27
       Ration            |       |     1 |     1 |       ||     2
Armor: Leather armour    |    37 |    24 |       |       ||    61
       Scale mail        |       |    10 |   190 |    72 ||   272
       Chain mail        |       |     2 |       |       ||     2
Dodge: Dodged            |    52 |    52 |   192 |    55 ||   351

Table legend:
 A = Non-vault XP
 B = Vault XP
 C = Vault XP percentage of total XP
 D = Non-vault monster count
 E = Vault monster count
 F = Vault count percentage of total count
                 A         B        C        D         E       F
            +---------+---------+-------+---------+---------+-------
      Total |    9316 |    2982 |  24.2 |     189 |      44 |  18.9
            +---------+---------+-------+---------+---------+-------
        D:1 |      39 |       0 |   0.0 |      17 |       0 |   0.0
        D:2 |      73 |      38 |  34.2 |      26 |       1 |   3.7
        D:3 |     140 |     243 |  63.4 |      27 |       2 |   6.9
        D:4 |     272 |       0 |   0.0 |       7 |       0 |   0.0
        D:5 |     502 |      81 |  13.9 |      18 |       1 |   5.3
        D:6 |      37 |     147 |  79.9 |       1 |       1 |  50.0
        D:7 |     352 |       6 |   1.7 |      15 |       2 |  11.8
        D:8 |    1141 |     397 |  25.8 |      11 |       7 |  38.9
        D:9 |    2923 |     364 |  11.1 |      38 |      13 |  25.5
       D:10 |    2621 |     808 |  23.6 |      15 |       1 |   6.2
       D:11 |    1216 |       0 |   0.0 |      14 |       0 |   0.0
     Bailey |       0 |     898 | 100.0 |       0 |      16 | 100.0
            +---------+---------+-------+---------+---------+-------
